cohdb
Replays
Latest Replays
All Replays
Popular Replays
Top Player Replays
Match Explorer
How It Works
Community
CoH3 Stats
Reddit
Sign in to upload your games and track your stats! →
Sign in with Steam
Match 45649230
Unlisted
Match 45649230
Overview
Messages
Build Orders
End
Royal Engineer Section
Construct Section Command Post
Infantry Section
Infantry Section
Construct Field Infirmary
Infantry Section
Construct Platoon Command Post
ML 3-inch Mortar Team
Selects Indian Artillery Battlegroup
Selects Valour
Selects Gurkha Rifles Section
Gurkha Rifles Section
Infantry Training
Infantry Section
Construct Company Command Post
Unlock M3 Grant Medium Tanks
Foot Guards Section
Selects Volunteer Infantry
Selects Artillery Saturation
M3 Grant Medium Tank
Selects Off-map Airburst Barrage
AI Takeover
Shinshigumi
Swan
0
0
Comments
sign in to comment!
No comments posted yet!